 Dungeon Crawl Stone Soup version 0.17.0-73-gb648821 (webtiles) character file.

10649 dohliylev the Covert (level 11, 0/80 HPs)
             Began as a Vampire Assassin on Dec 9, 2015.
             Was a High Priest of Dithmenos.
             Slain by a black mamba (2 damage)
             ... on level 1 of the Lair of Beasts.
             The game lasted 01:50:04 (14363 turns).

dohliylev the Covert (Vampire Assassin)            Turns: 14363, Time: 01:50:05

Health: 0/80       AC:  9    Str: 12    XL:     11   Next: 39%
Magic:  17/17      EV: 21    Int: 15    God:    Dithmenos [*****.]
Gold:   587        SH:  0    Dex: 18    Spells: 1 memorised, 12 levels left

rFire  . . .     SeeInvis +     a - +2 dagger
rCold  . . .     Clarity  .     P - +2 robe {MR+}
rNeg   + . .     SustAt   .     (no shield)
rPois  .         Gourm    .     Z - +2 helmet of the Suburbs {Str+2 SInv}
rElec  .         Spirit   .     d - +0 cloak
rCorr  .         Warding  .     (no gloves)
rMut   .         Stasis   .     z - +0 pair of boots
MR     +++..                    t - amulet of regeneration
Stlth  +++++++++.               N - ring of wizardry
                                g - ring of protection from magic

@: lethally poisoned (0 -> -8), wreathed by umbra, extremely resistant to
hostile enchantments, incredibly stealthy
A: fangs 3, see invisible, unbreathing
a: Bat Form, Shadow Step, Shadow Form, Renounce Religion


You were on level 1 of the Lair of Beasts.
You worshipped Dithmenos.
Dithmenos was extremely pleased with you.
You were not thirsty.

You visited 3 branches of the dungeon, and saw 12 of its levels.
You also visited: Labyrinth.

You collected 587 gold pieces.

Inventory:

Hand Weapons
 a - a +2 dagger (weapon)
 b - a +0 blowgun
 v - a +2 long sword of protection
 w - the +3 war axe "Soxiadom" {chop, Str+8 Int+3, unknown}
   (You found it on level 1 of the Lair of Beasts)

   It inflicts extra damage upon your enemies.
   It affects your strength (+8).
   It affects your intelligence (+3).
 M - the +10 falchion "Jazxi" {freeze, rElec Str+3 Int-4 Dex+5}
   (You took it off a wight on level 7 of the Dungeon)

   It has been specially enchanted to freeze those struck by it, causing extra
   injury to most foes and up to half again as much damage against particularly
   susceptible opponents.
   It can also slow down cold-blooded creatures.
   It affects your strength (+3).
   It affects your intelligence (-4).
   It affects your dexterity (+5).
   It insulates you from electricity.
Missiles
 e - 7 poisoned needles
 f - 2 curare-tipped needles
Armour
 d - a +0 cloak (worn)
 z - a +0 pair of boots (worn)
 K - a +2 chain mail of cold resistance
 P - a +2 robe of magic resistance (worn)
 Y - the +0 plate armour of the Game of Kings {+Blink rC++ MP+9}
   (You found it in a labyrinth)

   It greatly protects you from cold.
   It affects your magic capacity (+9).
   It lets you blink.
 Z - the +2 helmet of the Suburbs (worn) {Str+2 SInv}
   (You found it in a labyrinth)

   It affects your strength (+2).
   It lets you see invisible.
Magical Staves
 H - an uncursed staff of energy
Jewellery
 g - a ring of protection from magic (left hand)
 r - an uncursed amulet of warding
 t - an amulet of regeneration (around neck)
 y - a +3 ring of intelligence
 N - a ring of wizardry (right hand)
Wands
 q - a wand of frost (24)
 x - a wand of confusion (15)
 S - a wand of paralysis (7)
 W - a wand of confusion (10)
Scrolls
 c - a scroll of acquirement {unknown}
 l - 6 scrolls of remove curse
 m - 2 scrolls of fear
 o - 3 scrolls of magic mapping
 u - 3 scrolls of random uselessness {unknown}
 A - a scroll of amnesia {unknown}
 B - 2 scrolls of immolation {unknown}
 E - 6 scrolls of identify
 F - a scroll of teleportation {unknown}
 G - 2 scrolls of enchant weapon {unknown}
 L - a scroll of blinking {unknown}
 O - a scroll of noise {unknown}
 Q - a scroll of recharging {unknown}
Potions
 i - 5 potions of curing
 j - 18 potions of blood
 k - 2 potions of haste {unknown}
 p - 3 potions of heal wounds {unknown}
 s - a potion of lignification {unknown}
 I - a potion of resistance {unknown}
 J - a potion of cure mutation {unknown}
 R - a potion of agility {unknown}
Books
 h - a book of the Warp

   Spells                             Type                      Level
   a - Recall                         Summoning/Translocation      3
   b - Gell's Gravitas                Hexes/Translocation          3
   c - Force Lance                    Conjuration/Translocation    4
   d - Phase Shift                    Translocation                5
   e - Warp Weapon                    Charms/Translocation         5
   f - Summon Forest                  Summoning/Translocation      5
 n - a Fen Folio

   Spells                             Type                      Level
   a - Corpse Rot                     Necromancy                   2
   b - Stone Arrow                    Conjuration/Earth            3
   c - Leda's Liquefaction            Hexes/Earth                  4
   d - Summon Forest                  Summoning/Translocation      5
   e - Hydra Form                     Transmutation                6
   f - Summon Hydra                   Summoning                    7
 C - a book of Party Tricks

   Spells                             Type                      Level
   a - Summon Butterflies             Summoning                    1
   b - Apportation                    Translocation                1
   c - Tukima's Dance                 Hexes                        3
   d - Alistair's Intoxication        Transmutation/Poison         4
   e - Invisibility                   Hexes                        6
 V - a book of Enchantments

   Spells                             Type                      Level
   a - Cause Fear                     Hexes                        4
   b - Silence                        Hexes/Air                    5
   c - Deflect Missiles               Charms/Air                   6
   d - Haste                          Charms                       6
   e - Discord                        Hexes                        8
Miscellaneous
 U - a fan of gales


   Skills:
 + Level 5.5 Fighting
 + Level 6.4 Short Blades
 + Level 5.1 Throwing
 + Level 3.1 Armour
 + Level 11.3 Dodging
 + Level 13.5 Stealth
 + Level 4.2 Spellcasting
 * Level 4.8 Hexes
 + Level 0.1 Invocations


You had 12 spell levels left.
You knew the following spells:

 Your Spells              Type           Power        Failure   Level  Hunger
a - Invisibility          Hex            ###.....     98%         6    #######


Dungeon Overview and Level Annotations

Branches:
Dungeon (10/15)            Temple (1/1) D:4            Lair (1/8) D:9
    Orc (0/4) D:9

Altars:
Ashenzari
Cheibriados
Dithmenos
Elyvilon
Fedhas
Gozag
Kikubaaqudgha
Makhleb
Nemelex Xobeh
Okawaru
Qazlal
Ru
Sif Muna
Trog
Vehumet
Xom
Yredelemnul
Zin
The Shining One

Shops:
D:4 =   D:5 !:[

Annotations:
D:4 bollicks1999's ghost, novice MiFi
D:8 lucasterio's ghost, novice DsBe


Innate Abilities, Weirdness & Mutations

You have razor-sharp teeth.
You have supernaturally acute eyesight.
You can survive without breathing.


Message History

You barely miss the black mamba.
The black mamba is almost dead.
* * * LOW HITPOINT WARNING * * *
You feel sick. The black mamba completely misses you.
You barely miss the black mamba.
You bite the black mamba, but do no damage.
The black mamba is almost dead.
* * * LOW HITPOINT WARNING * * *
You feel sick. The black mamba closely misses you.
You hit the black mamba but do no damage.
The black mamba is almost dead.
* * * LOW HITPOINT WARNING * * *
You feel sick. The black mamba completely misses you.
You closely miss the black mamba.
The black mamba is almost dead.
* * * LOW HITPOINT WARNING * * *
You feel sick. The black mamba bites you.
* * * LOW HITPOINT WARNING * * *
The black mamba bites you.
You die...

........#.#...........,,,,,,,,,,*
..#...8.#.#.............,,,,,,,,,
..#.#.....#.............,,,,,,,,,
#.#.#...................,,,,,,,,,
..##.....#.............,,,,,,,,,,
P.......##...........#**,**,,,,,,
#.......+.###†......#* *****,,,,,
.............(.((...##*******,,,,
.......#....#...@....#*,,,,,+,,,,
#......#....+..S..(.##*,,,,**,,,,
#(..(.......#.......# *,,,***,,,,
#......#....#.....(.# **,** *,,,,
#......#...+(.......# *******,,,,
....................#**,***,,,,,,
,,,,,,,,,.............,,,,,,,,,,,
,,,,,,,,...............,,,,,,,,,,
,,,,,,,,...............,,,,,,,,,,


You could see a black mamba.

Vanquished Creatures
  A minotaur (Lab)
  Pikel (D:5)
  A hog (D:7)
  A wyvern (D:8)
  Eustachio (D:5)
  5 yaks
  A steam dragon (D:9)
  A human (D:7)
  A hippogriff (D:7)
  2 sky beasts
  A porcupine (Lair:1)
  2 water moccasins
  4 ice beasts
  8 orc warriors
  6 ogres
  3 black bears
  5 phantoms
  7 big kobolds
  3 crocodiles (Lair:1)
  4 centaurs
  A gnoll sergeant (D:7)
  3 giant frogs
  4 scorpions
  25 killer bees
  12 wights
  5 crimson imps
  4 orc priests
  A centaur skeleton (D:6)
  A giant frog zombie (D:6)
  6 hounds
  3 giant frog skeletons
  5 jellies
  6 iguanas
  17 orc wizards
  5 worker ants
  A killer bee zombie (D:9)
  2 sheep (D:7)
  A mummy (D:8)
  A hound skeleton (D:9)
  18 gnolls
  11 adders
  3 shadow imps
  An ooze (D:2)
  An adder skeleton (D:4)
  An adder zombie (D:5)
  A worm (D:4)
  3 giant geckos (D:4)
  38 orcs
  4 bats
  5 giant cockroaches
  19 hobgoblins
  13 jackals
  A giant gecko skeleton (D:7)
  A giant gecko zombie (D:6)
  4 giant newts
  35 goblins
  21 kobolds
  2 quokkas
  A quokka skeleton (D:8)
  8 rats
352 creatures vanquished.

Vanquished Creatures (others)
  Menkaure (D:5)
  A slave (D:5)
  A hound (D:5)
  2 worker ants (D:5)
5 creatures vanquished.

Grand Total: 357 creatures vanquished

Notes
Turn   | Place    | Note
--------------------------------------------------------------
     0 | D:1      | dohliylev the Vampire Assassin began the quest for the Orb.
     0 | D:1      | Reached XP level 1. HP: 16/16 MP: 1/1
    38 | D:1      | You fall through a shaft!
    43 | D:2      | Reached skill level 6 in Stealth
    92 | D:2      | Reached XP level 2. HP: 22/22 MP: 2/2
   130 | D:1      | You fall through a shaft!
   175 | D:2      | Reached XP level 3. HP: 7/27 MP: 3/3
   213 | D:2      | Found an ancient bone altar of Kikubaaqudgha.
   299 | D:2      | Reached skill level 7 in Stealth
   685 | D:3      | Reached XP level 4. HP: 33/33 MP: 4/4
   943 | D:3      | Noticed an ogre
   950 | D:3      | Killed an ogre
   950 | D:3      | Reached skill level 8 in Stealth
   950 | D:3      | Reached XP level 5. HP: 37/39 MP: 5/5
  1494 | D:4      | Noticed bollicks1999's ghost (novice MiFi)
  1513 | D:4      | Found a staircase to the Ecumenical Temple.
  1525 | Temple   | Entered the Ecumenical Temple
  1576 | Temple   | Became a worshipper of Dithmenos the Shadowed
  1861 | D:4      | Reached XP level 6. HP: 28/46 MP: 6/6
  1900 | D:4      | Reached skill level 9 in Stealth
  1950 | D:4      | Found Zojumm's Jewellery Shoppe.
  2341 | D:5      | Entered Level 5 of the Dungeon
  2347 | D:5      | Found Pysuom's Armour Shoppe.
  2421 | D:5      | Noticed Menkaure
  2910 | D:5      | Reached * piety under Dithmenos
  3317 | D:5      | Reached XP level 7. HP: 44/52 MP: 7/7
  3379 | D:5      | Reached skill level 5 in Dodging
  3379 | D:5      | Reached skill level 10 in Stealth
  3499 | D:5      | Noticed Pikel
  3523 | D:5      | Killed Pikel
  3523 | D:5      | Reached XP level 8. HP: 47/58 MP: 8/8
  3565 | D:5      | Noticed Eustachio
  3613 | D:5      | Killed Eustachio
  3613 | D:5      | Reached skill level 11 in Stealth
  3627 | D:5      | Found a snail-covered altar of Cheibriados.
  3646 | D:5      | Found a stormy altar of Qazlal.
  3648 | D:5      | Noticed an air elemental
  3649 | D:5      | Noticed a fire elemental
  3649 | D:5      | Noticed a water elemental
  3752 | D:5      | Found Comeruv's Distillery.
  3755 | D:5      | Found Vaekau's Book Shop.
  3866 | D:5      | Killed Menkaure
  4277 | D:5      | Reached ** piety under Dithmenos
  4350 | D:5      | Reached skill level 1 in Armour
  4677 | D:5      | Reached XP level 9. HP: 65/65 MP: 9/9
  4924 | D:6      | Found a shimmering altar of Xom.
  5172 | D:6      | Upgraded the game from 0.17.0-57-g0e89251 to 0.17.0-73-gb648821
  5305 | D:6      | Found a basalt altar of Yredelemnul.
  5308 | D:6      | Found a sparkling altar of Nemelex Xobeh.
  5311 | D:6      | Found a blossoming altar of Fedhas.
  5458 | D:6      | Reached skill level 5 in Short Blades
  5926 | D:6      | Reached *** piety under Dithmenos
  6074 | D:7      | Reached skill level 1 in Spellcasting
  6131 | D:6      | Reached skill level 12 in Stealth
  7452 | D:7      | Reached **** piety under Dithmenos
  7492 | D:7      | Reached XP level 10. HP: 61/73 MP: 14/14
  7690 | D:6      | HP: 3/73 [killer bee (8)]
  8109 | D:7      | Learned a level 6 spell: Invisibility
  8554 | D:7      | Got a jewelled falchion {freeze}
  8990 | D:7      | Reached skill level 10 in Dodging
  9738 | D:8      | Noticed lucasterio's ghost (novice DsBe)
  9807 | D:8      | Reached skill level 5 in Fighting
 10261 | D:9      | Reached skill level 1 in Hexes
 10304 | D:9      | Reached skill level 13 in Stealth
 10552 | D:10     | Entered Level 10 of the Dungeon
 10575 | D:10     | Noticed an unseen horror
 10587 | D:10     | Noticed an orc knight
 10587 | D:10     | Noticed an unseen horror
 10587 | D:10     | Noticed a six-headed hydra
 10667 | D:9      | Found a staircase to the Lair.
 11396 | D:8      | Found a snail-covered altar of Cheibriados.
 11517 | D:9      | Reached XP level 11. HP: 80/80 MP: 17/17
 12307 | D:9      | Reached ***** piety under Dithmenos
 12331 | D:9      | Found a staircase to the Orcish Mines.
 12384 | D:9      | Identified the +10 falchion "Jazxi" {freeze, rElec Str+3 Int-4 Dex+5} (You took it off a wight on level 7 of the Dungeon)
 12838 | D:9      | Reached skill level 5 in Throwing
 13082 | Lair:1   | Entered Level 1 of the Lair of Beasts
 13095 | Lair:1   | Found a labyrinth entrance.
 13274 | Lab      | Entered a labyrinth
 13965 | Lab      | Noticed a minotaur
 13968 | Lab      | Killed a minotaur
 14047 | Lab      | Got a warped whip
 14047 | Lab      | Got a crude plate armour
 14047 | Lab      | Got a heavily runed helmet
 14058 | Lab      | Identified the cursed +0 plate armour of the Game of Kings {+Blink rC++ MP+9} (You found it in a labyrinth)
 14068 | Lab      | Identified the +2 helmet of the Suburbs {Str+2 SInv} (You found it in a labyrinth)
 14068 | Lab      | Identified the cursed +2 whip of Objectivity {drain, rF+ rC+} (You found it in a labyrinth)
 14329 | Lair:1   | Got a scorched war axe
 14363 | Lair:1   | HP: 2/80 [black mamba (3)]
 14363 | Lair:1   | Slain by a black mamba

Action                   |  1- 3 |  4- 6 |  7- 9 | 10-12 || total
-------------------------+-------+-------+-------+-------++-------
Melee: Dagger            |    69 |   320 |   716 |  1214 ||  2319
 Fire: Blowgun           |       |    16 |    84 |   137 ||   237
Invok: Shadow Step       |       |       |       |     2 ||     2
 Abil: End Transformatio |       |     2 |     7 |     5 ||    14
       Bat Form          |       |     2 |     7 |     5 ||    14
  Use: Potion            |     5 |     1 |    22 |    23 ||    51
       Scroll            |       |       |     2 |     6 ||     8
 Stab: Sleeping          |    11 |    30 |    17 |    28 ||    86
       Distracted        |       |       |     6 |     9 ||    15
  Eat: Corpse            |     3 |       |     1 |       ||     4
